[Event "Titled Tuesday Blitz July 4 Early 2023"]
[White "Kovalevsky, Stanislav"]
[Black "Sovetbekova, Nurai"]
[WhiteFideId "13508598"]
[BlackFideId "13801910"]
[WhiteElo "2481"]
[BlackElo "2360"]
[Result "1-0"]
[Round "11"]
[TimeControl "180+2"]
[Date "2023.07.04"]
[WhiteClock "0:00:10"]
[BlackClock "0:00:04"]
[Board "100"]

1. c4 Nf6 2. Nc3 d5 3. cxd5 Nxd5 4. g3 Nxc3 5. bxc3 e6 6. Bg2 Be7 7. Nf3 O-O 8. O-O c5 9. Rb1 Nc6 10. d3 Qc7 11. Bf4 e5 12. Bc1 Be6 13. c4 Rad8 14. Qa4 b6 15. Ne1 Nd4 16. Qd1 Bg4 17. f3 Be6 18. Nc2 Bf6 19. Ne3 Rfe8 20. a4 Nc6 21. Qe1 Qd7 22. f4 exf4 23. gxf4 Bd4 24. Kh1 Bh3 25. Bxh3 Qxh3 26. Rf3 Qh5 27. Qg3 Ne7 28. Bb2 Nf5 29. Nxf5 Qxf5 30. Bxd4 Rxd4 31. e4 Qh5 32. Rg1 g6 33. f5 Red8 34. fxg6 hxg6 35. h3 Kg7 36. Rgf1 R8d7 37. Kh2 Qh6 38. Qe5+ Kh7 39. Rxf7+ Rxf7 40. Rxf7+ Kg8 41. Qe8+ 1-0


[Site "https://www.chess.com"]

[Event "Titled Tuesday Blitz July 4 Early 2023"]
[White "Fiedorek, Michal"]
[Black "Kovacevic, Radmila"]
[WhiteFideId "1199528"]
[BlackFideId "933171"]
[WhiteElo "2472"]
[BlackElo "2248"]
[Result "1/2-1/2"]
[Round "11"]
[TimeControl "180+2"]
[Date "2023.07.04"]
[WhiteClock "0:00:15"]
[BlackClock "0:00:12"]
[Board "101"]

1. e4 e5 2. Nf3 d5 3. Nxe5 Bd6 4. d4 dxe4 5. Bc4 Bxe5 6. dxe5 Qxd1+ 7. Kxd1 Nc6 8. Bf4 Nge7 9. Nc3 Bg4+ 10. Be2 O-O-O+ 11. Ke1 Bxe2 12. Nxe2 Ng6 13. Rd1 Nxf4 14. Nxf4 Nxe5 15. Ke2 c6 16. b3 g5 17. Nh5 f5 18. Ng7 f4 19. h4 Rxd1 20. Rxd1 h6 21. Ne6 f3+ 22. gxf3 exf3+ 23. Kf1 gxh4 24. Re1 Ng6 25. Ng7 h3 26. Kg1 Rg8 27. Re8+ Rxe8 28. Nxe8 Ne5 29. Kh2 Kd7 30. Ng7 Ng4+ 31. Kxh3 Nxf2+ 32. Kg3 Ne4+ 33. Kxf3 Nd6 34. c4 b5 35. c5 Nb7 36. b4 a5 37. a3 axb4 38. axb4 Nd8 39. Kg4 Ne6 40. Nf5 Nc7 41. Nxh6 Nd5 42. Kf3 Nxb4 43. Ke4 Ke6 44. Ng4 Nd5 45. Kd4 Nb4 46. Ne3 Na6 47. Ng4 Kf5 48. Ne5 b4 49. Nxc6 b3 50. Kc3 Nxc5 51. Nd4+ Ke5 52. Nxb3 1/2-1/2


[Site "https://www.chess.com"]

[Event "Titled Tuesday Blitz July 4 Early 2023"]
[White "VoicelessFeather"]
[Black "Balla, Tamas-Kristof"]
[BlackFideId "1208497"]
[WhiteElo "2242"]
[BlackElo "2466"]
[Result "1-0"]
[Round "11"]
[TimeControl "180+2"]
[Date "2023.07.04"]
[WhiteClock "0:01:53"]
[BlackClock "0:00:50"]
[Board "102"]

1. e4 c5 2. Nf3 Nc6 3. Bb5 Nf6 4. e5 Nd5 5. Nc3 Nc7 6. Bxc6 dxc6 7. O-O g6 8. d4 cxd4 9. Nxd4 Bg7 10. f4 O-O 11. Be3 Ne6 12. Nf3 Qa5 13. Qe2 b6 14. Rfd1 Ba6 15. Qf2 Rad8 16. a3 b5 17. Bxa7 Rxd1+ 18. Rxd1 b4 19. Bb6 Qxb6 20. Qxb6 bxc3 21. Qxa6 cxb2 22. Qb6 Nxf4 23. Qxb2 f6 24. Qb3+ Kh8 25. e6 h5 26. g3 Nd5 27. c4 Nc7 28. Qb7 Nxe6 29. Qxe7 1-0


[Site "https://www.chess.com"]

[Event "Titled Tuesday Blitz July 4 Early 2023"]
[White "Schachpanda_Youtube"]
[Black "Dobre, Claudiu-Cristian"]
[BlackFideId "1211854"]
[WhiteElo "2224"]
[BlackElo "2449"]
[Result "0-1"]
[Round "11"]
[TimeControl "180+2"]
[Date "2023.07.04"]
[WhiteClock "0:00:02"]
[BlackClock "0:00:31"]
[Board "103"]

1. e4 Nc6 2. Nc3 e5 3. Bc4 Nf6 4. d3 Na5 5. Nge2 Bc5 6. O-O Nxc4 7. dxc4 a5 8. Bg5 h6 9. Bh4 c6 10. Ng3 g5 11. Nf5 gxh4 12. Ng7+ Kf8 13. Nf5 d5 14. cxd5 Bxf5 15. exf5 cxd5 16. Kh1 Bd4 17. Ne2 Bc5 18. f4 e4 19. Nd4 Qd7 20. Qd2 Re8 21. Rae1 Rg8 22. c3 Bxd4 23. Qxd4 Qxf5 24. c4 dxc4 25. Qxc4 Kg7 26. Qb3 Qd5 27. Qh3 Kh7 28. Qxh4 e3 29. Re2 Rg6 30. f5 Rg5 31. h3 Nh5 32. Kh2 Ng3 33. Qxg3 Rxg3 34. Kxg3 0-1


[Site "https://www.chess.com"]

[Event "Titled Tuesday Blitz July 4 Early 2023"]
[White "Omariev, Maksim"]
[Black "Tagliata"]
[WhiteFideId "4193423"]
[WhiteElo "2439"]
[BlackElo "2199"]
[Result "0-1"]
[Round "11"]
[TimeControl "180+2"]
[Date "2023.07.04"]
[WhiteClock "0:00:00"]
[BlackClock "0:00:40"]
[Board "104"]

1. g4 d5 2. Bg2 e5 3. h3 Nc6 4. c4 Be6 5. Nc3 Nge7 6. cxd5 Nxd5 7. d3 Bc5 8. Nf3 O-O 9. Ng5 Nxc3 10. bxc3 Bd7 11. Qb3 Rb8 12. Qc4 Qe7 13. Qe4 g6 14. h4 f5 15. gxf5 gxf5 16. Qc4+ Kh8 17. Bd2 h6 18. Nf3 e4 19. dxe4 fxe4 20. Nd4 Ne5 21. Qd5 c6 22. Qxe4 Qf6 23. Be3 Nc4 24. O-O Rbe8 25. Qf3 Qxf3 26. Bxf3 Nxe3 27. fxe3 Rxe3 28. Rac1 Rg8+ 29. Kf2 Re5 30. e3 Rge8 31. Rfe1 a5 32. e4 a4 33. Rcd1 Bc8 34. Kg3 Rg8+ 35. Kh2 a3 36. Nb3 Be6 37. Nxc5 Rxc5 38. Rd3 Bxa2 39. Ra1 Bc4 40. Rd4 a2 41. e5 b5 0-1


[Site "https://www.chess.com"]

[Event "Titled Tuesday Blitz July 4 Early 2023"]
[White "Romero Ruscalleda, Josep"]
[Black "Sanchez, Robert"]
[WhiteFideId "2231859"]
[BlackFideId "2034360"]
[WhiteElo "2419"]
[BlackElo "2186"]
[Result "1-0"]
[Round "11"]
[TimeControl "180+2"]
[Date "2023.07.04"]
[WhiteClock "0:01:23"]
[BlackClock "0:02:30"]
[Board "105"]

1. e4 d5 2. exd5 Qxd5 3. Nc3 Qe6+ 4. Be2 Qg6 5. Bf3 Nc6 6. d4 Bf5 7. Bf4 O-O-O 8. Nge2 e5 9. Bxc6 Qxc6 10. Bxe5 Qxg2 11. Rg1 Qc6 12. Qd2 Bg6 13. O-O-O Nf6 14. d5 Nxd5 15. Rxg6 Qxg6 16. Nxd5 c6 17. Nb6+ 1-0


[Site "https://www.chess.com"]

[Event "Titled Tuesday Blitz July 4 Early 2023"]
[White "Wartiovaara, Oliver"]
[Black "Matamoros Franco, Carlos S."]
[WhiteFideId "513024"]
[BlackFideId "3600017"]
[WhiteElo "2383"]
[BlackElo "2598"]
[Result "0-1"]
[Round "11"]
[TimeControl "180+2"]
[Date "2023.07.04"]
[WhiteClock "0:00:42"]
[BlackClock "0:00:55"]
[Board "106"]

1. e4 d6 2. d4 Nf6 3. Nc3 e5 4. dxe5 dxe5 5. Qxd8+ Kxd8 6. Bc4 Bb4 7. Bxf7 Rf8 8. Bb3 Nxe4 9. Ne2 c6 10. O-O Nxc3 11. Nxc3 Bf5 12. Re1 Nd7 13. f4 Bc5+ 14. Kh1 Bd6 15. fxe5 Nxe5 16. Bg5+ Kc7 17. Rad1 Ng4 18. Rxd6 Kxd6 19. Be7+ Kd7 20. Bxf8 Rxf8 21. h3 Nf6 22. g4 Bg6 23. Kg2 Re8 24. Rxe8 Nxe8 25. h4 h6 26. Kf3 Nd6 27. Kf4 c5 28. Ba4+ Ke7 29. h5 Bh7 30. Ke5 Nc4+ 31. Kd5 Nxb2 32. Kxc5 Nxa4+ 33. Nxa4 Bxc2 34. Nc3 Kf6 35. Kd6 a6 36. a4 b5 37. axb5 axb5 38. Nxb5 Bd1 39. Nc7 Bxg4 0-1


[Site "https://www.chess.com"]

[Event "Titled Tuesday Blitz July 4 Early 2023"]
[White "Karamsetty, Jeevan"]
[Black "Gaal, Zsoka"]
[WhiteFideId "2025337"]
[BlackFideId "777765"]
[WhiteElo "2506"]
[BlackElo "2375"]
[Result "0-1"]
[Round "11"]
[TimeControl "180+2"]
[Date "2023.07.04"]
[WhiteClock "0:00:04"]
[BlackClock "0:00:43"]
[Board "107"]

1. e4 Nf6 2. e5 Nd5 3. Nf3 d6 4. exd6 cxd6 5. c4 Nb6 6. d4 g6 7. Nc3 Bg7 8. Be2 O-O 9. O-O Bg4 10. b3 Nc6 11. Be3 d5 12. c5 Nc8 13. h3 Bxf3 14. Bxf3 e6 15. a3 N8e7 16. b4 Nf5 17. b5 Ncxd4 18. Bxd4 Nxd4 19. Rc1 Qa5 20. a4 Rac8 21. Bxd5 exd5 22. Nxd5 Kh8 23. Rc4 Nf5 24. Qg4 Rcd8 25. Nf4 Rd4 26. Rxd4 Nxd4 27. Qd7 Qxa4 28. Qxb7 Qxb5 29. Qxa7 Ne6 30. Nxe6 fxe6 31. Qe7 Qc4 32. Re1 Qd4 33. Rf1 Qf6 34. Qd7 Qf7 35. Qd6 Rc8 36. Re1 Bf8 37. Qe5+ Kg8 38. Rc1 Qf5 39. Qxf5 exf5 40. c6 Kf7 41. g3 Bd6 42. Kg2 Ke6 43. h4 Kd5 44. h5 Rxc6 45. Rd1+ Ke6 46. hxg6 hxg6 47. Re1+ Kf6 48. Rb1 Ra6 49. Rd1 Bc5 50. Rd5 Ba7 51. Rd2 g5 52. f3 Re6 53. Ra2 Bd4 54. Rd2 Be5 55. Rc2 Rb6 56. f4 gxf4 57. gxf4 Bxf4 58. Kf3 Be5 59. Rc8 Rb3+ 60. Kf2 Kg5 61. Rc5 Kf4 62. Rc4+ Kg5 63. Ra4 Bf4 64. Kg2 Kg4 65. Rc4 Rb2+ 66. Kf1 Kf3 67. Rc3+ Be3 68. Rc1 Bxc1 0-1


[Site "https://www.chess.com"]

[Event "Titled Tuesday Blitz July 4 Early 2023"]
[White "Shvedova, Alexandra"]
[Black "Fernandez Siles, Luis"]
[WhiteFideId "54154782"]
[BlackFideId "2209420"]
[WhiteElo "2504"]
[BlackElo "2375"]
[Result "1-0"]
[Round "11"]
[TimeControl "180+2"]
[Date "2023.07.04"]
[WhiteClock "0:00:53"]
[BlackClock "0:00:28"]
[Board "108"]

1. Nf3 d6 2. d4 Nf6 3. g3 g6 4. Bg2 Bg7 5. O-O O-O 6. c4 Nbd7 7. Nc3 e5 8. e4 c6 9. h3 Qb6 10. dxe5 Nxe5 11. Nxe5 dxe5 12. Qc2 Be6 13. Be3 Qc7 14. b3 a5 15. Na4 Nd7 16. Rad1 Rfd8 17. c5 Bf8 18. f4 exf4 19. gxf4 f5 20. Kh2 Nf6 21. Nb6 Rab8 22. exf5 gxf5 23. Bf3 Kh8 24. Rg1 Be7 25. Qc3 Rxd1 26. Bxd1 Rg8 27. Rg5 h6 28. Rxg8+ Kxg8 29. Qd2 Nd5 30. Qg2+ Kh7 31. Nxd5 Bxd5 32. Qg3 Be4 33. Bh5 Bf8 34. Qg6+ Kh8 35. Bd4+ 1-0


[Site "https://www.chess.com"]

[Event "Titled Tuesday Blitz July 4 Early 2023"]
[White "Barbot, Pierre"]
[Black "only_strong_moves"]
[WhiteFideId "663727"]
[WhiteElo "2371"]
[BlackElo "2503"]
[Result "1-0"]
[Round "11"]
[TimeControl "180+2"]
[Date "2023.07.04"]
[WhiteClock "0:00:18"]
[BlackClock "0:00:22"]
[Board "109"]

1. d4 d5 2. Nf3 Nf6 3. Bf4 e6 4. e3 c5 5. Nbd2 Nc6 6. c3 Nh5 7. Be5 f6 8. Bg3 g6 9. dxc5 Bxc5 10. Bd3 e5 11. Nb3 Be7 12. Bb5 O-O 13. Nfd2 a6 14. Bd3 f5 15. Be2 Ng7 16. f4 Ne6 17. fxe5 Bh4 18. Nf3 Bxg3+ 19. hxg3 Kg7 20. Qd2 Ng5 21. e4 f4 22. exd5 Ne4 23. Qd3 Nxg3 24. O-O-O Bf5 25. Qd2 Nb4 26. cxb4 Rc8+ 27. Nc5 b6 28. Bd3 bxc5 29. Bxf5 Rxf5 30. Rhe1 cxb4+ 31. Kb1 Qb6 32. e6 Qd6 33. e7 Re8 34. Qd4+ Kg8 35. Re6 Qd7 36. Ne5 Qb7 37. d6 Ne2 38. Qd5 Qxd5 39. Rxd5 f3 40. gxf3 Rc8 41. e8=Q+ Rxe8 42. Rxe8+ Kg7 43. d7 Nf4 44. d8=Q Nxd5 45. Qxd5 Rh5 46. Qf7+ Kh6 47. Ng4+ Kg5 48. Re5+ Kh4 49. Rxh5+ gxh5 50. Qxh7 Kh3 51. Qxh5+ Kg3 52. Qh2+ Kxf3 53. Nf6 Ke3 54. Qd6 Kf2 55. Qxb4 Kg2 56. Qb6 Kg3 57. Qxa6 Kh4 58. Ne4 Kg4 59. Nc3 Kf4 60. Qc4+ Ke3 61. Qe4+ Kf2 62. Qe2+ Kg1 63. Kc2 Kh1 64. Kd3 Kg1 65. Ke3 Kh1 66. Kf3 Kg1 67. Kg3 Kh1 68. Qe1# 1-0


[Site "https://www.chess.com"]

[Event "Titled Tuesday Blitz July 4 Early 2023"]
[White "Shuvalov, Evgenij"]
[Black "Rozhkov, Viacheslav"]
[WhiteFideId "4187237"]
[BlackFideId "4181484"]
[WhiteElo "2499"]
[BlackElo "2370"]
[Result "0-1"]
[Round "11"]
[TimeControl "180+2"]
[Date "2023.07.04"]
[WhiteClock "0:00:05"]
[BlackClock "0:01:06"]
[Board "110"]

1. d4 d5 2. c4 dxc4 3. e3 e5 4. Nf3 Nc6 5. Bxc4 e4 6. Nfd2 Qg5 7. Kf1 Nf6 8. Nc3 Qg6 9. h3 Bd6 10. a3 O-O 11. b4 a5 12. b5 Ne7 13. Qc2 Bf5 14. g4 Be6 15. Bxe6 fxe6 16. Ndxe4 Kh8 17. Ra2 Nxe4 18. Qxe4 Qf7 19. Kg2 Nd5 20. Nd1 Nf6 21. Qd3 e5 22. f3 Qxa2+ 23. Nf2 exd4 24. e4 Rae8 25. h4 Nxe4 26. Rf1 Nxf2 27. Rxf2 Qd5 0-1


[Site "https://www.chess.com"]

[Event "Titled Tuesday Blitz July 4 Early 2023"]
[White "Fisabilillah, Ummi"]
[Black "Novikov, Evgenij"]
[WhiteFideId "7104804"]
[BlackFideId "4125380"]
[WhiteElo "2363"]
[BlackElo "2496"]
[Result "0-1"]
[Round "11"]
[TimeControl "180+2"]
[Date "2023.07.04"]
[WhiteClock "0:00:32"]
[BlackClock "0:00:07"]
[Board "111"]

1. e4 c5 2. Nf3 d6 3. Bc4 Nc6 4. c3 Nf6 5. Qe2 Bg4 6. h3 Bxf3 7. Qxf3 Ne5 8. Bb5+ Nfd7 9. Qe2 a6 10. Ba4 b5 11. Bc2 c4 12. f4 Ng6 13. O-O Qb6+ 14. Kh1 e5 15. d3 cxd3 16. Qxd3 exf4 17. Bxf4 Nxf4 18. Rxf4 Be7 19. Qd5 O-O 20. Nd2 Ne5 21. Raf1 Ra7 22. Bb3 Bg5 23. Rf5 Bxd2 24. Qxd2 Re7 25. Qg5 Qb7 26. Bd5 Qd7 27. Qg3 Kh8 28. Rh5 g6 29. Rh4 f6 30. Rhf4 Kg7 31. Qf2 Nd3 32. Qd4 Nxf4 33. Rxf4 Re5 34. Qd2 Qe7 35. Rh4 h5 36. g4 Rh8 37. Kg2 f5 38. g5 fxe4 39. Rf4 Qxg5+ 40. Kh2 e3 41. Rf7+ Kh6 42. Qe1 h4 43. Rf3 e2 44. Bb3 Rhe8 45. Bc2 Re3 46. Rxe3 Rxe3 47. Bd3 Qg3+ 48. Qxg3 hxg3+ 49. Kg2 e1=Q 0-1


[Site "https://www.chess.com"]

[Event "Titled Tuesday Blitz July 4 Early 2023"]
[White "UNSTOPPABLE_LEGEND"]
[Black "Seletsky, Grigory"]
[BlackFideId "14112191"]
[WhiteElo "2460"]
[BlackElo "2358"]
[Result "1-0"]
[Round "11"]
[TimeControl "180+2"]
[Date "2023.07.04"]
[WhiteClock "0:01:00"]
[BlackClock "0:00:12"]
[Board "112"]

1. d4 c5 2. d5 e5 3. e4 d6 4. Ne2 g6 5. Nec3 Bg7 6. Nd2 Ne7 7. Nc4 a6 8. a4 O-O 9. a5 Qc7 10. h4 h5 11. Be2 Nd7 12. Bg5 Nf6 13. Nb6 Rb8 14. Nxc8 Rbxc8 15. g4 hxg4 16. Bxg4 Rce8 17. h5 Nxg4 18. Qxg4 f5 19. Qh3 Qd7 20. Bxe7 Qxe7 21. hxg6 Rf6 22. Qh7+ Kf8 23. O-O-O fxe4 24. Nxe4 Rf4 25. Rde1 b6 26. axb6 Rb8 27. Rh5 Rxb6 28. Ng5 Rf6 29. f4 e4 30. Rxe4 Qb7 31. Ne6+ Rxe6 32. Rxe6 Bxb2+ 33. Kd1 Qxh7 34. Rxh7 Bc3 35. Rf7+ 1-0


[Site "https://www.chess.com"]

[Event "Titled Tuesday Blitz July 4 Early 2023"]
[White "Juknis, Paulius"]
[Black "Rizzo, Tobias"]
[WhiteFideId "12802247"]
[BlackFideId "30942691"]
[WhiteElo "2341"]
[BlackElo "2459"]
[Result "1-0"]
[Round "11"]
[TimeControl "180+2"]
[Date "2023.07.04"]
[WhiteClock "0:00:03"]
[BlackClock "0:00:03"]
[Board "113"]

1. e4 c5 2. Nc3 Nc6 3. Bb5 Nd4 4. Nf3 a6 5. Bd3 e6 6. O-O Nf6 7. e5 Nd5 8. Nxd5 exd5 9. Nxd4 cxd4 10. Qg4 Qb6 11. c3 dxc3 12. dxc3 d6 13. Qe2 dxe5 14. Qxe5+ Be6 15. Be3 Qc6 16. Bd4 O-O-O 17. Rfe1 Bd6 18. Qxg7 Rhg8 19. Qxh7 Qc7 20. Re2 Kb8 21. Rae1 Bg4 22. Re3 Ka8 23. Qxg8 Rxg8 24. Re8+ Qb8 25. Rxb8+ Kxb8 26. Be5 Kc7 27. Bxd6+ Kxd6 28. Kf1 b5 29. f3 Bd7 30. Kf2 Rh8 31. h3 Rh4 32. Kg3 Rh5 33. Kf4 Rh4+ 34. Kg3 Rh5 35. f4 f6 36. Be2 Rh6 37. Bf3 Rg6+ 38. Kf2 Bc6 39. g4 Rh6 40. Kg3 Rh8 41. h4 Bd7 42. g5 fxg5 43. fxg5 Rg8 44. Rd1 Be6 45. Bg4 Bf7 46. Rf1 Rg7 47. a3 Ke5 48. Re1+ Kd6 49. Kf4 Bg6 50. h5 Rf7+ 51. Kg3 Be4 52. Re3 Ke5 53. g6 Rg7 54. Bf3 Kf5 55. Bxe4+ dxe4 56. Kh4 Kf4 57. Re1 e3 58. Rf1+ Ke4 59. Kg5 e2 60. Re1 Kd3 61. h6 Re7 62. g7 Re3 63. h7 Rg3+ 64. Kf6 Rf3+ 65. Ke7 Re3+ 66. Kd6 Kd2 67. Rxe2+ Kxe2 68. g8=Q Kd2 69. Kc5 Kc2 70. Qg6+ Kxb2 71. h8=Q Re2 72. Qd3 Rc2 73. Qxc2+ Ka1 74. Qh1# 1-0


[Site "https://www.chess.com"]

[Event "Titled Tuesday Blitz July 4 Early 2023"]
[White "Goncalves, Davi Sulzbacher"]
[Black "Shapiro, Daniel"]
[WhiteFideId "2154510"]
[BlackFideId "2001780"]
[WhiteElo "2442"]
[BlackElo "2330"]
[Result "1-0"]
[Round "11"]
[TimeControl "180+2"]
[Date "2023.07.04"]
[WhiteClock "0:00:16"]
[BlackClock "0:00:15"]
[Board "114"]

1. e4 c5 2. f4 d5 3. exd5 Nf6 4. c4 e6 5. dxe6 Bxe6 6. Nf3 Nc6 7. Be2 Bd6 8. d3 Qc7 9. Nc3 a6 10. Ng5 Bxf4 11. Nxe6 fxe6 12. Bh5+ g6 13. Bf3 Bxh2 14. Bxc6+ bxc6 15. Qe2 O-O 16. Bh6 Bg3+ 17. Kd1 Rfe8 18. Qf3 Be5 19. Kc2 Rab8 20. Rae1 Bd4 21. Na4 Rb4 22. b3 Rxa4 23. bxa4 Qa5 24. Rb1 Qxa4+ 25. Kc1 Qa3+ 26. Kd1 Qxa2 27. Rb7 Qa1+ 28. Bc1 a5 29. Rhxh7 Rf8 30. Rbg7# 1-0


[Site "https://www.chess.com"]

[Event "Titled Tuesday Blitz July 4 Early 2023"]
[White "Zacurdajev, Dmitry"]
[Black "Rodriguez Santiago, Jaime"]
[WhiteFideId "4196309"]
[BlackFideId "3100898"]
[WhiteElo "2439"]
[BlackElo "2325"]
[Result "1-0"]
[Round "11"]
[TimeControl "180+2"]
[Date "2023.07.04"]
[WhiteClock "0:02:25"]
[BlackClock "0:01:34"]
[Board "115"]

1. d4 Nf6 2. c4 e6 3. Nc3 d5 4. Nf3 c5 5. cxd5 Nxd5 6. e4 Nxc3 7. bxc3 cxd4 8. cxd4 Bb4+ 9. Bd2 Bxd2+ 10. Qxd2 O-O 11. Bc4 Nd7 12. O-O b6 13. d5 Nc5 14. Rfe1 Bb7 15. Rad1 Rc8 16. dxe6 Qxd2 17. exf7+ Kh8 18. Nxd2 Nd7 19. e5 Nc5 20. e6 1-0


[Site "https://www.chess.com"]

[Event "Titled Tuesday Blitz July 4 Early 2023"]
[White "CarolinaLujan"]
[Black "Bueno, Alfeu Junior Varela"]
[BlackFideId "2108879"]
[WhiteElo "2321"]
[BlackElo "2433"]
[Result "0-1"]
[Round "11"]
[TimeControl "180+2"]
[Date "2023.07.04"]
[WhiteClock "0:00:15"]
[BlackClock "0:00:17"]
[Board "116"]

1. e4 e6 2. Qe2 e5 3. Nf3 Nc6 4. c3 Nf6 5. d4 exd4 6. cxd4 Bb4+ 7. Nc3 O-O 8. Qc2 Re8 9. Bd3 Bxc3+ 10. bxc3 Nxe4 11. Bxe4 d5 12. Bg5 f6 13. Ne5 dxe4 14. Nxc6 bxc6 15. Bf4 Ba6 16. h4 Rb8 17. Rh3 Qd5 18. Rg3 Qc4 19. O-O-O Rb5 20. d5 Rxd5 21. Rxd5 Qxd5 22. Bxc7 Bd3 23. Qb3 Bc4 24. Qb7 Re7 25. Qc8+ Kf7 26. Bd8 Rd7 27. Bc7 Qd2+ 28. Kb1 Qxa2+ 29. Kc1 Qa3+ 30. Kc2 Bb3+ 31. Kb1 Rd1# 0-1


[Site "https://www.chess.com"]

[Event "Titled Tuesday Blitz July 4 Early 2023"]
[White "Schut, Han"]
[Black "Manukian, Artak"]
[WhiteFideId "1005561"]
[BlackFideId "13301373"]
[WhiteElo "2304"]
[BlackElo "2428"]
[Result "0-1"]
[Round "11"]
[TimeControl "180+2"]
[Date "2023.07.04"]
[WhiteClock "0:00:03"]
[BlackClock "0:00:42"]
[Board "117"]

1. e4 c6 2. d4 d5 3. e5 Bf5 4. Nf3 e6 5. Be2 c5 6. Be3 Qb6 7. Nc3 Qxb2 8. Qb1 Qxb1+ 9. Rxb1 Bxc2 10. Rxb7 c4 11. Kd2 Bg6 12. Bd1 Be7 13. Ba4+ Kf8 14. Nb5 Nc6 15. Nd6 Nd8 16. Rc7 Rb8 17. Bg5 f6 18. Be3 Nf7 19. Nc8 Bd8 20. Rc6 Ne7 21. Nxe7 Kxe7 22. Nh4 Ba5+ 23. Ke2 Bd3+ 24. Kf3 g5 25. exf6+ Kxf6 26. Ra6 Bb6 27. Kg3 gxh4+ 28. Kxh4 Rhg8 29. g4 h6 30. f4 Nd6 31. g5+ hxg5+ 32. fxg5+ Ke7 33. Bf4 c3 34. Re1 Bxa6 0-1


[Site "https://www.chess.com"]

[Event "Titled Tuesday Blitz July 4 Early 2023"]
[White "Herman, Daniel"]
[Black "Wang, Alexander J"]
[WhiteFideId "30935008"]
[BlackFideId "30955270"]
[WhiteElo "2425"]
[BlackElo "2304"]
[Result "1-0"]
[Round "11"]
[TimeControl "180+2"]
[Date "2023.07.04"]
[WhiteClock "0:00:14"]
[BlackClock "0:00:24"]
[Board "118"]

1. d4 d5 2. c4 e6 3. Nc3 c5 4. Nf3 Nc6 5. cxd5 exd5 6. g3 Nf6 7. Bg2 Be7 8. dxc5 Bxc5 9. O-O O-O 10. Bg5 d4 11. Bxf6 Qxf6 12. Ne4 Qe7 13. Nxc5 Qxc5 14. Rc1 Qb6 15. Qd2 Be6 16. b3 Rfd8 17. Rfd1 Rac8 18. Ne1 Bd5 19. Nd3 Bxg2 20. Kxg2 Ne7 21. Qb4 Qxb4 22. Nxb4 Nc6 23. Nxc6 Rxc6 24. Kf3 Rf6+ 25. Kg2 h6 26. Rc7 Rb6 27. Rd3 Rb4 28. Kf3 g6 29. e3 a5 30. Rxd4 Rbxd4 31. exd4 Rxd4 32. Rxb7 Rd2 33. a4 Rd3+ 34. Ke2 Rc3 35. h4 h5 36. Rb5 Rc2+ 37. Ke3 Rb2 38. f3 Kg7 39. Kd3 Rf2 40. Rxa5 Rxf3+ 41. Kc4 Rxg3 42. b4 Rg4+ 43. Kc5 Rxh4 44. b5 Rh1 45. b6 Rc1+ 46. Kd6 Rd1+ 47. Kc6 Rc1+ 48. Rc5 Rb1 49. Rb5 Rc1+ 50. Kd5 Rc8 51. b7 Rh8 52. b8=Q Rxb8 53. Rxb8 h4 54. a5 h3 55. a6 h2 56. Rb1 g5 57. a7 g4 58. Ke4 g3 59. Kf3 g2 60. Kxg2 f5 61. a8=Q f4 62. Qf3 Kg6 63. Qxf4 Kh5 64. Rb5+ Kg6 65. Qd6+ Kf7 66. Rb7+ Ke8 67. Qb8# 1-0


[Site "https://www.chess.com"]

[Event "Titled Tuesday Blitz July 4 Early 2023"]
[White "Mickiewicz, Piotr"]
[Black "Acikel, Mert"]
[WhiteFideId "1114891"]
[BlackFideId "12956465"]
[WhiteElo "2425"]
[BlackElo "2303"]
[Result "0-1"]
[Round "11"]
[TimeControl "180+2"]
[Date "2023.07.04"]
[WhiteClock "0:00:00"]
[BlackClock "0:00:11"]
[Board "119"]

1. e4 e5 2. Nf3 Nc6 3. Bb5 a6 4. Ba4 Nf6 5. d3 d6 6. c4 g6 7. h3 Bg7 8. Be3 O-O 9. Nc3 h6 10. O-O Be6 11. Nd5 Rb8 12. Rc1 Kh7 13. Qd2 Ng8 14. b4 f5 15. b5 Nce7 16. Nxe7 Qxe7 17. Qe2 f4 18. Bd2 g5 19. Nh2 Nf6 20. bxa6 bxa6 21. Ba5 h5 22. Rb1 g4 23. hxg4 hxg4 24. g3 f3 25. Nxf3 gxf3 26. Qxf3 Ng4 27. Qh1+ Kg6 28. Rxb8 Rxb8 29. Bd1 Rh8 30. Qg2 Rh2 31. Qf3 Qg5 32. Bxc7 Rh8 33. Bxd6 Nh2 34. Qg2 Bh3 35. Qxh3 Rxh3 36. Re1 Rh8 37. Kg2 Ng4 38. Ba4 Qf6 39. f4 Qxd6 40. f5+ Kf6 41. Kf3 Qxd3+ 42. Kxg4 Rg8 43. Rd1 Qe2+ 0-1


[Site "https://www.chess.com"]

[Event "Titled Tuesday Blitz July 4 Early 2023"]
[White "Vivas Zamora, Fabian Ernesto"]
[Black "Vaglio Munoz, Jaime"]
[WhiteFideId "3902480"]
[BlackFideId "6500145"]
[WhiteElo "2425"]
[BlackElo "2299"]
[Result "1-0"]
[Round "11"]
[TimeControl "180+2"]
[Date "2023.07.04"]
[WhiteClock "0:00:41"]
[BlackClock "0:00:00"]
[Board "120"]

1. c4 c6 2. Nf3 b5 3. cxb5 cxb5 4. e4 Bb7 5. Bxb5 Bxe4 6. Nc3 Bc6 7. O-O Nf6 8. d4 e6 9. Bxc6 Nxc6 10. d5 Nb4 11. dxe6 fxe6 12. Re1 Be7 13. Bf4 Nbd5 14. Nxd5 Nxd5 15. Bd6 O-O 16. Bxe7 Nxe7 17. Qd6 Nd5 18. Rad1 Rb8 19. Ne5 Rxb2 20. Nxd7 Re8 21. Rxe6 Ne7 22. Nf6+ gxf6 23. Qxd8 Rxd8 24. Rxd8+ Kf7 25. Re1 Nf5 26. g3 Rxa2 27. Rd7+ Kg6 28. Re8 Nh6 29. h3 a5 30. Ra8 a4 31. Rda7 Nf5 32. Rxa4 Rb2 33. Rg4+ Kf7 34. Rf4 Ne7 35. Ra7 Re2 36. Rf3 Re1+ 37. Kg2 Kg6 38. Re3 Rxe3 39. fxe3 Nd5 40. Kf3 h5 41. Ra5 Nb4 42. Ke4 Nc6 43. Rc5 Ne7 44. g4 hxg4 45. hxg4 Ng8 46. Kf4 Nh6 47. e4 1-0


[Site "https://www.chess.com"]

[Event "Titled Tuesday Blitz July 4 Early 2023"]
[White "Avazkhonov, Alikhon"]
[Black "Kostiukov, Alexandr"]
[WhiteFideId "14208504"]
[BlackFideId "14108100"]
[WhiteElo "2417"]
[BlackElo "2293"]
[Result "1-0"]
[Round "11"]
[TimeControl "180+2"]
[Date "2023.07.04"]
[WhiteClock "0:00:06"]
[BlackClock "0:00:00"]
[Board "121"]

1. d4 g6 2. c4 Bg7 3. Nc3 d6 4. e4 e5 5. Be3 exd4 6. Bxd4 Nf6 7. Nd5 O-O 8. Nxf6+ Bxf6 9. Nf3 Re8 10. Bd3 Bxd4 11. Nxd4 d5 12. cxd5 Qxd5 13. Ne2 Qa5+ 14. Qd2 Qxd2+ 15. Kxd2 c5 16. Kc3 Nc6 17. Nf4 Be6 18. Rad1 Bxa2 19. b3 Nd4 20. Nd5 Bxb3 21. Nf6+ Kh8 22. Nxe8 Bxd1 23. Nd6 Be2 24. Nxb7 Bxd3 25. Kxd3 Ne6 26. Ra1 a6 27. Kc4 Rb8 28. Nxc5 Nxc5 29. Kxc5 Rb2 30. Rf1 a5 31. h4 a4 32. g4 a3 33. f3 a2 34. Ra1 Rf2 35. Kd4 Rxf3 36. Rxa2 Rg3 37. g5 Rh3 38. Rg2 Rxh4 39. Kd5 Kg7 40. e5 Ra4 41. Kd6 Ra6+ 42. Kd5 Ra4 43. Rg3 Rf4 44. e6 f6 45. gxf6+ Kxf6 46. Kd6 Rd4+ 47. Kc5 Rd1 48. Rh3 1-0


[Site "https://www.chess.com"]

[Event "Titled Tuesday Blitz July 4 Early 2023"]
[White "KorolDimitriy75"]
[Black "Modric, Nesa"]
[BlackFideId "922579"]
[WhiteElo "2416"]
[BlackElo "2268"]
[Result "1-0"]
[Round "11"]
[TimeControl "180+2"]
[Date "2023.07.04"]
[WhiteClock "0:00:01"]
[BlackClock "0:00:00"]
[Board "122"]

1. d4 e6 2. c4 d5 3. Nc3 c6 4. e3 Nf6 5. Nf3 Nbd7 6. Bd3 Be7 7. O-O O-O 8. e4 dxe4 9. Nxe4 Nxe4 10. Bxe4 Nf6 11. Bc2 Qc7 12. Bg5 c5 13. Qd3 g6 14. Rad1 b6 15. dxc5 bxc5 16. Rfe1 Rd8 17. Qc3 Ne8 18. Rxd8 Bxd8 19. Bxd8 Qxd8 20. Rd1 Qc7 21. Ne5 f6 22. Ng4 Kf7 23. h3 h5 24. Ne3 Bb7 25. Qd3 Bc6 26. Qxg6+ Kf8 27. Qxh5 Rd8 28. Qh8+ Ke7 29. Qh7+ Kf8 30. Qh6+ Ke7 31. Rxd8 Qxd8 32. Bg6 Kd6 33. Qh7 Nc7 34. Qf7 f5 35. Qg7 Qg5 36. Qf8+ Ke5 37. Qg7+ Kd6 38. Qf8+ Ke5 39. Qb8 Qe7 40. h4 Kf6 41. h5 Be4 42. f3 Bd3 43. Qh8+ Kg5 44. Qe5 Kh6 45. Qf4+ Kg7 46. Qe5+ Kh6 47. f4 Ne8 48. Qh8+ 1-0


[Site "https://www.chess.com"]